 Dungeon Crawl Stone Soup version 0.22-a0-362-g535178c (webtiles) character file.

71551 Amnesiac the Reanimator (level 14, -2/110 HPs)
             Began as a Mummy Necromancer on Apr 20, 2018.
             Was an Elder of Sif Muna.
             Killed from afar by a deep elf knight (33 damage)
             ... with a shard of ice
             ... on level 1 of the Elven Halls.
             The game lasted 01:00:08 (27128 turns).

Amnesiac the Reanimator (Mummy Necromancer)        Turns: 27128, Time: 01:00:09

Health: -2/110     AC: 12    Str: 11    XL:     14   Next: 98%
Magic:  13/30      EV:  8    Int: 29    God:    Sif Muna [****..]
Gold:   1682       SH:  0    Dex: 12    Spells: 13/37 levels left

rFire    + . .     SeeInvis +   a - +9 scimitar of Chagrin {freeze, rC+ Int+6}
rCold    + + +     Gourm    .   q - +0 buckler
rNeg     + + +     Faith    .   E - +0 ring mail of the Untouchables {rN+ Int+5 Dex-4}
rPois    ∞         Spirit   .   I - +2 helmet {SInv}
rElec    +         Reflect  .   F - +1 cloak {rPois}
rCorr    .         Harm     +   r - +0 pair of gloves
MR       ++...                  G - +0 pair of boots
Stlth    +.........             C - amulet of harm
HPRegen  0.28/turn              z - ring of Xom's Absentmindedness {rElec MR+}
MPRegen  0.22/turn              J - ring "Kolie" {rF++ rC+ Dex+2}

@: held, divine energy
A: no food or potions, fire vulnerability, cold resistance 1, negative energy
resistance 3, torment resistance, unbreathing, in touch with death 1
a: Stop Divine Energy, Channel Magic, Forget Spell, Renounce Religion


You were on level 1 of the Elven Halls.
You worshipped Sif Muna.
Sif Muna was greatly pleased with you.
You were not hungry.

You visited 4 branches of the dungeon, and saw 19 of its levels.
You also visited: Sewer, Bailey and Ice Cave.

You collected 1928 gold pieces.
You spent 246 gold pieces at shops.

Inventory:

Hand Weapons
 a - the +9 scimitar of Chagrin (weapon) {freeze, rC+ Int+6}
   (You found it on level 4 of the Dungeon)

   It has been specially enchanted to freeze those struck by it, causing extra
   injury to most foes and up to half again as much damage against particularly
   susceptible opponents.
   It can also slow down cold-blooded creatures.
   It affects your intelligence (+6).
   It protects you from cold.
 b - a +0 hunting sling of flaming
 f - a +1 demon trident of freezing
 j - a +0 scimitar of flaming
 w - a +9 blowgun
Missiles
 e - 576 stones (quivered)
 l - 179 poisoned needles
 p - 97 sling bullets
 H - 11 curare-tipped needles
Armour
 q - a +0 buckler (worn)
 r - a +0 pair of gloves (worn)
 y - a +0 shield
 E - the +0 ring mail of the Untouchables (worn) {rN+ Int+5 Dex-4}
   (You found it on level 11 of the Dungeon)

   It affects your intelligence (+5).
   It affects your dexterity (-4).
   It protects you from negative energy.
 F - a +1 cloak of poison resistance (worn)
 G - a +0 pair of boots (worn)
 I - a +2 helmet of see invisible (worn)
Jewellery
 m - an uncursed ring of fire
 t - an uncursed ring of wizardry
 z - the ring of Xom's Absentmindedness (left hand) {rElec MR+}
   (You found it on level 15 of the Dungeon)

   [ring of protection from magic]

   It insulates you from electricity.
   It affects your resistance to hostile enchantments.
 C - an amulet of harm (around neck)
 J - the ring "Kolie" (right hand) {rF++ rC+ Dex+2}
   (You found it in an ice cave)

   [ring of protection from cold]

   It affects your dexterity (+2).
   It greatly protects you from fire.
   It protects you from cold.
Wands
 i - a wand of acid (5)
 A - a wand of iceblast (14)
 B - a wand of flame (20)
Scrolls
 c - a scroll of blinking {!r}
 d - 2 scrolls of magic mapping {!r}
 g - 7 scrolls of amnesia {!r}
 h - 9 scrolls of teleportation {!r}
 k - 3 scrolls of acquirement {!r}
 n - 4 scrolls of noise {!r}
 o - 4 scrolls of remove curse {!r}
 s - 2 scrolls of enchant armour {!r}
 u - a scroll of silence {!r}
 v - a scroll of fog {!r}
 x - 8 scrolls of identify {!r}
 D - a scroll of holy word {!r}


   Skills:
 + Level 10.2 Fighting
 + Level 9.7 Dodging
 - Level 1.5 Stealth
 * Level 10.5 Shields
 - Level 12.1 Spellcasting
 - Level 13.5 Necromancy
 - Level 8.0 Invocations


You had 13 spell levels left.
You knew the following spells:

 Your Spells              Type           Power        Failure   Level  Hunger
a - Bolt of Draining      Conj/Necr      ######....   13%         5    N/A
b - Vampiric Draining     Necr           #######...   1%          3    N/A
c - Pain                  Necr           ####         1%          1    N/A
d - Borgnjor's Vile Clut  Necr/Erth      ######....   13%         5    N/A
e - Dispel Undead         Necr           #######.     1%          5    N/A
f - Spectral Weapon       Hex/Chrm       ###.....     22%         3    N/A
g - Passwall              Tmut/Erth      ###.......   11%         2    N/A

Dungeon Overview and Level Annotations

Branches:
Dungeon (15/15)            Temple (1/1) D:6            Lair (0/6) D:10
    Orc (2/2) D:10            Elf (1/3) Orc:2        Vaults (0/5) D:13
 Depths (0/5) D:15

Altars:
Ashenzari
Cheibriados
Dithmenos
Elyvilon
Fedhas
Gozag
Hepliaklqana
Kikubaaqudgha
Makhleb
Nemelex Xobeh
Okawaru
Qazlal
Ru
Sif Muna
Trog
Uskayaw
Vehumet
Wu Jian
Xom
Yredelemnul
Zin
The Shining One
Beogh
Lugonu

Shops:
D:12 !   D:15 ?   Orc:1 [   Orc:2 !*![


Innate Abilities, Weirdness & Mutations

You do not eat or drink.
Your flesh is vulnerable to fire.
You are immune to poison.
Your flesh is cold resistant. (rC+)
You are immune to negative energy. (rN+++)
You are immune to unholy pain and torment.
You can survive without breathing.
You are in touch with the powers of death.


Message History

The deep elf mage is heavily wounded.
The bolt of negative energy hits the battlesphere.
The battlesphere completely resists.
The deep elf mage casts a spell.
Casting: Bolt of Draining (safe; 13% risk of failure)
Confirm with . or Enter, or press ? or * to list all spells.
Aiming: Bolt of Draining (safe; 13% risk of failure)
Press: ? - help, Shift-Dir - straight line, f/p - deep elf mage
Aim: a deep elf mage, wielding a dagger and wearing a leather armour (heavily wounded, lightly drained)
You feel a surge of power!
The bolt of negative energy misses the deep elf mage.
The bolt of negative energy hits the deep elf mage.
The deep elf mage is drained!
You kill the deep elf mage!
Sif Muna accepts your kill.
The bolt of negative energy hits the battlesphere.
The battlesphere completely resists.
The battlesphere dissipates.
The deep elf mage gestures wildly while chanting.
Casting: Bolt of Draining (safe; 13% risk of failure)
Confirm with . or Enter, or press ? or * to list all spells.
Aiming: Bolt of Draining (safe; 13% risk of failure)
Press: ? - help, Shift-Dir - straight line, f - deep elf mage
Aim: a deep elf mage, wielding a dagger and wearing a leather armour You feel a surge of power!
The bolt of negative energy hits the deep elf mage.
The deep elf mage is drained!
The deep elf mage is severely wounded.
The jumping spider leaps!
Casting: Bolt of Draining (safe; 13% risk of failure)
Confirm with . or Enter, or press ? or * to list all spells.
Aiming: Bolt of Draining (safe; 13% risk of failure)
Press: ? - help, Shift-Dir - straight line, f/p - deep elf mage
Aim: a deep elf mage, wielding a dagger and wearing a leather armour (severely wounded, lightly drained)
You feel a surge of power!
The bolt of negative energy hits the deep elf mage.
The deep elf mage is drained!
You kill the deep elf mage!
Sif Muna accepts your kill.
The bolt of negative energy misses the deep elf knight.
The bolt of negative energy hits the battlesphere.
The battlesphere completely resists.
Sif Muna grants you divine energy.
You briefly lose access to your magic!
The battlesphere dissipates.
Unknown command.
You fail to use your ability.
The deep elf knight points at you and mumbles some strange words.
The shard of ice hits you! You partially resist.
You fail to use your ability.
The deep elf knight hits you but does no damage.
The deep elf knight gestures at you while chanting.
The shard of ice hits you! You partially resist.
* * * LOW HITPOINT WARNING * * *
You barely miss the deep elf knight.
You regain access to your magic.
The deep elf knight hits you.
* * * LOW HITPOINT WARNING * * *
The jumping spider leaps!
The jumping spider pounces on you.
* * * LOW HITPOINT WARNING * * *
You are caught in a web!
The jumping spider bites you.
* * * LOW HITPOINT WARNING * * *
The deep elf knight casts a spell at you.
The shard of ice hits you! You partially resist.
You die...

#### ##..## . ##....## ..
#....).## ... #.......##
.... #........# ..(.. ####
#........####
.....e###.s###........'...
.....4se.@.(.'........####
..>..§####.###........# #
..... #)###........# #
.... #.#....#.....# # [..
#.# #...##...# # .. #.#
.##.##)..# # .
#.##.##...#..####
#.##...#....[.[..
#.###............


You could see a deep elf knight (invisible), an ice devil, a deep elf mage, a
jumping spider and a redback.

Vanquished Creatures
  Rupert (D:13)
  2 orc warlords
  A frost giant (D:15)
  The ghost of inmateoo the Martial Artist, a journeyman GnTm of Cheibriados (D:12)
  Nessos (D:13)
  Erolcha (D:13)
  A fire dragon (D:14)
  A yaktaur captain (D:13)
  Josephine (D:14)
  6 centaur warriors
  A hydra (D:15)
  5 two-headed ogres
  A dancing weapon (Elf:1)
  The ghost of inmateoo the Martial Artist, a novice GnTm of Cheibriados (D:8)
  4 orc high priests (Orc:2)
  Sonja (D:13)
  Nergalle (D:11)
  A deep elf knight (Elf:1)
  An unseen horror (D:10)
  12 deep elf magi
  4 orc knights
  16 ugly things
  5 orc sorcerers (Orc:2)
  Maurice (D:11)
  3 cyclopes
  2 ice statues (IceCv)
  Psyche (D:9)
  A kobold demonologist (D:13)
  A komodo dragon (D:10)
  An efreet (D:13)
  A yaktaur (shapeshifter) (D:15)
  14 ice devils (IceCv)
  3 yaktaurs
  A hydra zombie (D:9)
  2 tengu conjurers (D:13)
  6 meliai
  A hornet (D:10)
  5 trolls
  A wolf spider simulacrum (D:15)
  Grinder (D:3)
  A hippogriff (D:7)
  A meliai zombie (D:13)
  An air elemental (Elf:1)
  Sigmund (D:4)
  A water elemental (Elf:1)
  9 wraiths
  A human (D:7)
  16 yaks
  4 hogs (D:7)
  A human (shapeshifter) (D:15)
  2 hungry ghosts
  Edmund (D:4)
  Menkaure (D:7)
  A warg (Orc:2)
  2 soldier ants
  A two-headed ogre zombie (D:9)
  3 porcupines (D:10)
  Duvessa (D:4)
  2 acid dragons
  A two-headed ogre skeleton (D:9)
  54 orc warriors
  Purgy (Sewer)
  2 ice beasts
  2 black bears
  19 ogres
  4 phantoms
  A necrophage (D:10)
  3 sky beasts
  19 centaurs
  2 manticore skeletons (D:9)
  2 crocodiles
  2 elf skeletons (D:9)
  5 big kobolds
  A yaktaur zombie (D:9)
  9 bullfrogs
  A wyvern zombie (D:12)
  Dowan (D:4)
  6 scorpions
  A water moccasin skeleton (D:10)
  3 cyclops skeletons (D:9)
  6 killer bees
  A tengu zombie (D:7)
  5 wights (D:10)
  3 howler monkeys
  A spectral bullfrog (D:12)
  An electric eel (D:14)
  A troll skeleton (D:8)
  7 crimson imps
  7 bullfrog zombies
  2 centaur zombies
  20 orc wizards
  7 hounds
  4 jellies
  31 orc priests
  8 centaur skeletons
  5 iguanas
  5 bullfrog skeletons
  11 worker ants
  A big kobold zombie (D:7)
  A killer bee zombie (D:9)
  2 hound zombies
  2 hound skeletons
  3 worker ant zombies
  Robin (D:3)
  A gnoll (Bailey)
  17 adders
  A river rat (D:6)
  3 shadow imps
  5 white imps (IceCv)
  6 ufetubi (IceCv)
  An ooze (D:5)
  3 adder zombies
  2 adder skeletons
  3 worms
  A dart slug (D:3)
  2 leopard geckos
  98 orcs
  A bat skeleton (D:9)
  7 giant cockroaches
  8 hobgoblins
  10 jackals
  45 kobolds
  2 quokkas
  4 ball pythons
  10 bats
  A dart slug zombie (D:8)
  11 frilled lizards
  A frilled lizard zombie (D:6)
  A gnoll skeleton (Bailey)
  22 goblins
  A goblin zombie (D:6)
  A hobgoblin zombie (Bailey)
  2 jackal skeletons
  2 jackal zombies
  5 kobold skeletons
  A kobold zombie (Bailey)
  3 leopard gecko skeletons
  4 orc skeletons
  An orc zombie (D:8)
  A quokka skeleton (D:4)
  11 rats
  7 plants (D:14)
743 creatures vanquished.

Vanquished Creatures (others)
  A blizzard demon (IceCv)
  A hound (D:13)
  A white imp (IceCv)
  5 ufetubi (IceCv)
  36 fungi (D:10)
  18 plants
62 creatures vanquished.

Grand Total: 805 creatures vanquished

Notes
Turn   | Place    | Note
-------+----------+-------------------------------------------
     0 | D:1      | Amnesiac the Mummy Necromancer began the quest for the Orb.
     0 | D:1      | Reached XP level 1. HP: 13/13 MP: 4/4
   124 | D:2      | Reached XP level 2. HP: 19/19 MP: 0/6
   587 | D:4      | Reached XP level 3. HP: 21/24 MP: 4/7
   592 | D:4      | Learned a level 3 spell: Vampiric Draining
   623 | D:3      | Reached skill level 5 in Necromancy
   634 | D:3      | Found a shimmering altar of Xom.
   634 | D:3      | Found a stormy altar of Qazlal.
   684 | D:5      | Entered Level 5 of the Dungeon
   714 | D:4      | Noticed a moth of wrath
   717 | D:4      | Found a bloodstained altar of Trog.
   722 | D:4      | Noticed Edmund
   793 | D:4      | Killed Edmund
   793 | D:4      | Reached skill level 6 in Necromancy
   793 | D:4      | Reached XP level 4. HP: 8/30 MP: 0/8
   793 | D:4      | Reached XP level 5. HP: 9/35 MP: 0/9
  1043 | D:4      | Noticed Sigmund
  1114 | D:5      | Noticed a sky beast
  1129 | D:5      | Killed a sky beast
  1129 | D:5      | Reached skill level 1 in Fighting
  1129 | D:5      | Reached XP level 6. HP: 43/43 MP: 2/11
  1409 | D:4      | Killed Sigmund
  1409 | D:4      | Reached XP level 7. HP: 38/51 MP: 6/13
  1777 | D:4      | Noticed Dowan
  1824 | D:6      | Found a glowing drain.
  1855 | Sewer    | Entered a sewer
  1884 | Sewer    | Reached skill level 5 in Spellcasting
  1960 | Sewer    | Noticed Purgy
  1972 | Sewer    | Killed Purgy
  2123 | D:6      | Found an ancient bone altar of Kikubaaqudgha.
  2153 | D:6      | Became a worshipper of Kikubaaqudgha
  2179 | D:6      | Reached skill level 1 in Shields
  2186 | D:6      | Reached XP level 8. HP: 4/58 MP: 3/15
  2545 | D:1      | Reached * piety under Kikubaaqudgha
  2545 | D:1      | Identified Kikubaaqudgha's Reference Book on Necromancy (Kikubaaqudgha gifted it to you on level 1 of the Dungeon)
  2545 | D:1      | Received a gift from Kikubaaqudgha
  2863 | D:2      | Found a basalt altar of Yredelemnul.
  3237 | D:2      | Found an ornate altar of the Wu Jian Council.
  3506 | D:3      | Noticed Grinder
  3528 | D:3      | Killed Grinder
  3688 | D:3      | Noticed Robin
  3699 | D:3      | Reached ** piety under Kikubaaqudgha
  3703 | D:3      | Killed Robin
  3950 | D:4      | Noticed Duvessa
  3971 | D:4      | Killed Duvessa
  3979 | D:4      | Killed Dowan
  4150 | D:4      | Got a warped scimitar
  4151 | D:4      | Identified the +9 scimitar of Chagrin {freeze, rC+ Int+6} (You found it on level 4 of the Dungeon)
  4287 | D:5      | Reached skill level 5 in Shields
  4306 | D:5      | Reached skill level 5 in Dodging
  4742 | D:6      | Found a staircase to the Ecumenical Temple.
  4794 | D:6      | Found a white marble altar of Elyvilon.
  5342 | D:7      | Noticed a hippogriff
  5349 | D:7      | Killed a hippogriff
  5349 | D:7      | Reached *** piety under Kikubaaqudgha
  5349 | D:7      | Identified Kikubaaqudgha's Handbook of Unholy Rites (Kikubaaqudgha gifted it to you on level 7 of the Dungeon)
  5349 | D:7      | Received a gift from Kikubaaqudgha
  5349 | D:7      | Reached XP level 9. HP: 52/65 MP: 16/16
  5357 | D:7      | Learned a level 5 spell: Dispel Undead
  5357 | D:7      | Fell from the grace of Kikubaaqudgha
  5364 | D:7      | Learned a level 5 spell: Bolt of Draining
  5419 | Temple   | Entered the Ecumenical Temple
  5426 | Temple   | Became a worshipper of Sif Muna the Loreminder
  5513 | D:7      | Noticed Menkaure
  5517 | D:7      | Killed Menkaure
  5714 | D:7      | Noticed a reaper
  5714 | D:7      | Reached skill level 7 in Necromancy
  6081 | D:7      | Reached skill level 1 in Invocations
  6089 | D:7      | Reached * piety under Sif Muna
  6093 | D:7      | Reached skill level 8 in Necromancy
  6171 | D:7      | HP: 2/66 [something (19)]
  6201 | D:8      | Learned a level 5 spell: Borgnjor's Vile Clutch
  6279 | D:8      | Found a flagged portal.
  6288 | Bailey   | Entered a bailey
  6352 | Bailey   | Noticed an orc warlord
  6461 | Bailey   | Reached XP level 10. HP: 58/73 MP: 9/19
  6506 | Bailey   | Found a runed gate.
  6506 | Bailey   | Found a runed gate.
  6506 | Bailey   | Found a runed gate.
  6832 | Bailey   | Noticed a reaper
  6898 | Bailey   | Got a dazzling short sword
  6913 | Bailey   | Identified the +1 short sword "Peuta" {pierce, rPois MR+ Int+3} (You found it in a bailey)
  6997 | Bailey   | Killed an orc warlord
  6997 | Bailey   | Reached ** piety under Sif Muna
  6997 | Bailey   | Reached skill level 9 in Necromancy
  7010 | Bailey   | Identified 2 scrolls of acquirement {!r}
  7164 | D:8      | Noticed inmateoo's ghost (novice GnTm)
  7170 | D:8      | Killed inmateoo's ghost
  7426 | D:8      | Noticed a two-headed ogre
  7597 | D:8      | Killed a two-headed ogre
  7597 | D:8      | Reached skill level 10 in Necromancy
  7924 | D:8      | Noticed a two-headed ogre
  7927 | D:8      | Killed a two-headed ogre
  7964 | D:8      | Reached XP level 11. HP: 78/78 MP: 1/23
  8831 | D:9      | Reached *** piety under Sif Muna
  8874 | D:9      | Noticed a reaper
  9400 | D:9      | Found a hazy altar of Hepliaklqana.
  9492 | D:9      | Found a snail-covered altar of Cheibriados.
  9572 | D:9      | Noticed Psyche
  9575 | D:9      | Killed Psyche
  9648 | D:9      | Found a blossoming altar of Fedhas.
  9702 | D:9      | Reached skill level 5 in Invocations
  9822 | D:10     | Entered Level 10 of the Dungeon
  9896 | D:9      | Noticed a soul eater
 10044 | D:9      | Noticed a reaper
 10459 | D:10     | Found a staircase to the Orcish Mines.
 10471 | D:10     | Reached skill level 5 in Fighting
 10505 | D:10     | Killed an unseen horror
 10505 | D:10     | Reached skill level 11 in Necromancy
 10505 | D:10     | Noticed a reaper
 10515 | D:10     | HP: 3/79 [reaper/scythe of protection[the malice of Kikubaaqudgha] (31)]
 10803 | D:9      | Was forgiven by Kikubaaqudgha
 11280 | D:10     | Found a staircase to the Lair.
 11823 | D:10     | Reached **** piety under Sif Muna
 12422 | D:11     | Noticed Nergalle
 12427 | D:11     | Killed Nergalle
 12542 | D:11     | Noticed a purple ugly thing
 12548 | D:11     | Killed a purple ugly thing
 12548 | D:11     | Reached skill level 10 in Spellcasting
 12548 | D:11     | Reached skill level 12 in Necromancy
 12814 | D:11     | Got a dazzling ring mail
 13061 | D:11     | Found an ancient bone altar of Kikubaaqudgha.
 13061 | D:11     | Noticed Maurice
 13066 | D:11     | Killed Maurice
 13170 | D:11     | Identified the cursed +0 ring mail of the Untouchables {rN+ Int+5 Dex-4} (You found it on level 11 of the Dungeon)
 13613 | D:12     | Reached XP level 12. HP: 86/86 MP: 6/26
 14873 | D:12     | Noticed inmateoo's ghost (journeyman GnTm)
 14876 | D:12     | Killed inmateoo's ghost
 15081 | D:12     | Noticed a two-headed ogre
 15091 | D:12     | Killed a two-headed ogre
 15091 | D:12     | Reached ***** piety under Sif Muna
 15256 | D:12     | Got a pitted scale mail
 15258 | D:12     | Found Irops's Distillery.
 15512 | D:13     | Noticed Erolcha
 15540 | D:13     | Noticed Sonja
 15540 | D:13     | Noticed Nessos
 15540 | D:13     | Noticed a centaur warrior
 15543 | D:13     | Killed Nessos
 15543 | D:13     | Received a gift from Sif Muna
 15543 | D:13     | Reached skill level 13 in Necromancy
 15546 | D:13     | Killed a centaur warrior
 15875 | D:12     | Identified the +4 scale mail of the Circus Animal {+Fly} (You found it on level 12 of the Dungeon)
 15889 | D:13     | Killed Sonja
 16115 | D:13     | Noticed a yaktaur captain
 16118 | D:13     | Killed a yaktaur captain
 16654 | D:13     | Noticed a centaur warrior
 16665 | D:13     | Killed a centaur warrior
 16943 | D:14     | Learned a level 3 spell: Spectral Weapon
 17127 | D:14     | Noticed Josephine
 17190 | D:14     | Killed Josephine
 17190 | D:14     | Gained mutation: You are in touch with the powers of death. [Mummy growth]
 17190 | D:14     | Reached XP level 13. HP: 52/94 MP: 14/28
 17386 | D:14     | Noticed a fire dragon
 17424 | D:15     | Entered Level 15 of the Dungeon
 18028 | D:15     | Found a corrupted altar of Lugonu.
 18362 | D:15     | Found Raanisel's Magic Scroll Boutique.
 18415 | D:14     | Learned a level 2 spell: Passwall
 18893 | D:15     | Got a twitching wooden ring
 18897 | D:15     | Identified the ring of Xom's Absentmindedness {rElec MR+} (You found it on level 15 of the Dungeon)
 19251 | D:15     | Found a staircase to the Depths.
 19251 | D:15     | Noticed a frost giant
 19260 | D:15     | Killed a frost giant
 19697 | D:14     | Killed a fire dragon
 20545 | D:13     | Found a gate to the Vaults.
 20595 | D:13     | Noticed Rupert
 20602 | D:13     | Killed Rupert
 20882 | D:13     | Reached XP level 14. HP: 108/108 MP: 23/29
 21194 | D:13     | Killed Erolcha
 21634 | Orc:1    | Entered Level 1 of the Orcish Mines
 21842 | Orc:2    | Entered Level 2 of the Orcish Mines
 22182 | Orc:1    | Found Pipuxet's Armour Shop.
 23955 | Orc:2    | Noticed an orc warlord
 24013 | Orc:2    | Killed an orc warlord
 24060 | Orc:2    | Identified Onukho's Volume of the Entourage (Sif Muna gifted it to you on level 2 of the Orcish Mines)
 24060 | Orc:2    | Received a gift from Sif Muna
 24211 | Orc:2    | Found a roughly hewn altar of Beogh.
 24296 | Orc:2    | Found Jemanumn's Distillery.
 24839 | Orc:2    | Found Xoanaup's Armour Boutique.
 25018 | Orc:2    | Found a staircase to the Elven Halls.
 25348 | Orc:2    | Found a roughly hewn altar of Beogh.
 25681 | Orc:2    | Found Mus Gug's Distillery.
 25783 | Orc:2    | Found Luovviu's General Store.
 26001 | Orc:2    | Bought 5 curare-tipped needles for 51 gold pieces
 26001 | Orc:2    | Bought a +0 helmet of see invisible for 195 gold pieces
 26154 | Elf:1    | Entered Level 1 of the Elven Halls
 26159 | Elf:1    | Reached skill level 10 in Shields
 26254 | Elf:1    | Found a frozen archway.
 26263 | IceCv    | Entered an ice cave
 26630 | IceCv    | Reached skill level 10 in Fighting
 26806 | IceCv    | Got a crude ivory ring
 26813 | IceCv    | Got a smoking demon blade
 26814 | IceCv    | Identified the cursed +1 demon blade "Wifes" {freeze, +Rage Str+4} (You found it in an ice cave)
 27047 | Elf:1    | Identified the ring "Kolie" {rF++ rC+ Dex+2} (You found it in an ice cave)
 27128 | Elf:1    | Killed from afar by a deep elf knight

Vault maps used:
D:1:      minmay_arrival_checkered_box
D:2:      yredelemnul_altar_generic, overflow_temple_1_default
D:3:      gammafunk_temple_overflow_wave, uniq_robin, uniq_grinder
D:4:      tgw_trog, uniq_duvessa, uniq_edmund, uniq_sigmund
D:5:      first_ration
D:6:      nicolae_overflow_crystal_walls, elyvilon_altar_1,
          minmay_temple_entry_trees, portal_sewer_entry_a
D:7:      grunt_livestock, serial_park_tiny_pond, uniq_menkaure
D:8:      enter_bailey_2
D:9:      nicolae_overflow_hidden_temple, lemuel_crystal_altar,
          lemuel_doored_altar, uniq_psyche
D:10:     due_lair_maze_entry_diamond, skrybe_limestone_x
D:11:     basic_altar, uniq_nergalle, uniq_maurice
D:12:     serial_shops, kennysheep_little_box, hangedman_weighted_door
D:13:     david_vaults_2, uniq_sonja, uniq_nessos, uniq_rupert, uniq_erolcha
D:14:     minmay_strange_pillars, serial_bayou_lagoon_a, amethyst_killhole,
          uniq_josephine
D:15:     grunt_enter_depths_snipers, hex_medium, serial_shops, shop,
          tgw_lugonu_bribe
Temple:   nicolae_temple_no_exploring_needed
Orc:1:    serial_shops, shop, minmay_orc_barracks
Orc:2:    pubby_orc_utopia
Elf:1:    eino_elf_arrival_sip, portal_ice_cave_entry_pillars_three,
          hangedman_elven_crosses_minicolossus
Sewer:    sewer_co_purgy_island
Bailey:   bailey_axe_bossmonster_kennysheep, bailey
IceCv:    ice_cave_small_demon

Skill      XL: |  1  2  3  4  5  6  7  8  9 10 11 12 13 14 |
---------------+-------------------------------------------+-----
Spellcasting   | 3 4 5 6 8 10 11 12 | 12.1
Necromancy     | 6 8 10 12 13 | 13.5
Fighting       | 1 2 3 4 5 6 9 10 | 10.2
Dodging        | 2 3 4 5 6 8 9 |  9.7
Shields        | 1 5 6 8 10 | 10.5
Invocations    | 2 4 6 8 |  8.0
Stealth        | |  1.5

Action                   |  1- 3 |  4- 6 |  7- 9 | 10-12 | 13-15 || total
-------------------------+-------+-------+-------+-------+-------++-------
Melee: Flail             |       |    18 |   319 |       |       ||   337
       Scimitar          |       |       |   154 |   154 |   187 ||   495
 Fire: Hunting sling     |     8 |       |     9 |       |       ||    17
       Blowgun           |     8 |     9 |       |       |       ||    17
 Cast: Pain              |    38 |    27 |    21 |    13 |       ||    99
       Vampiric Draining |       |     3 |    33 |    19 |     3 ||    58
       Dispel Undead     |       |       |     2 |    80 |     5 ||    87
       Bolt of Draining  |       |       |       |   127 |   273 ||   400
       Borgnjor's Vile C |       |       |       |       |    25 ||    25
       Spectral Weapon   |       |       |       |       |     1 ||     1
Invok: Divine Energy     |       |       |     1 |       |       ||     1
       Renounce Religion |       |       |     1 |       |       ||     1
       Channel Magic     |       |       |       |       |     2 ||     2
Evoke: Wand              |     4 |       |       |    15 |     1 ||    20
  Use: Scroll            |       |     1 |    11 |    12 |     8 ||    32
 Stab: Sleeping          |       |       |     1 |     2 |       ||     3
       Paralysed         |       |       |       |     2 |       ||     2
       Confused          |       |       |       |       |     1 ||     1
Armor: Ring mail         |     7 |    20 |   212 |    47 |   114 ||   400
       Robe              |     1 |       |       |       |       ||     1
       Leather armour    |       |       |       |    36 |       ||    36
Dodge: Dodged            |    12 |    34 |   446 |   205 |   224 ||   921
Block: Buckler           |       |       |   105 |    80 |   125 ||   310
       Rpst.: Scimitar   |       |       |    35 |    66 |    71 ||   172

Table legend:
 A = Spawn XP
 B = Non-spawn XP
 C = Spawn XP percentage of total XP
 D = Spawn monster count
 E = Non-spawn monster count
 F = Spawn count percentage of total count
 G = Total turns spent on level
                    A         B        C        D         E        F      G
               +---------+---------+-------+---------+---------+-------+---------
         Total |       0 |  102216 |   0.0 |       0 |     692 |   0.0 | 27128
               +---------+---------+-------+---------+---------+-------+---------
           D:1 |       0 |      40 |   0.0 |       0 |      27 |   0.0 |   441
           D:2 |       0 |      72 |   0.0 |       0 |      22 |   0.0 |   867
           D:3 |       0 |     403 |   0.0 |       0 |      25 |   0.0 |   740
           D:4 |       0 |     995 |   0.0 |       0 |      23 |   0.0 |  1520
           D:5 |       0 |     698 |   0.0 |       0 |      18 |   0.0 |   589
           D:6 |       0 |     312 |   0.0 |       0 |      23 |   0.0 |  1241
           D:7 |       0 |    3051 |   0.0 |       0 |      31 |   0.0 |   989
           D:8 |       0 |    3543 |   0.0 |       0 |      22 |   0.0 |  2138
           D:9 |       0 |    1993 |   0.0 |       0 |      21 |   0.0 |  1688
          D:10 |       0 |    4993 |   0.0 |       0 |      51 |   0.0 |  1387
          D:11 |       0 |    2989 |   0.0 |       0 |      14 |   0.0 |  1700
          D:12 |       0 |    6271 |   0.0 |       0 |      45 |   0.0 |  2121
          D:13 |       0 |   15711 |   0.0 |       0 |      46 |   0.0 |  1614
          D:14 |       0 |    6521 |   0.0 |       0 |      37 |   0.0 |  1619
          D:15 |       0 |   16393 |   0.0 |       0 |      37 |   0.0 |  1875
         Orc:1 |       0 |    2846 |   0.0 |       0 |      31 |   0.0 |   957
         Orc:2 |       0 |   19667 |   0.0 |       0 |     144 |   0.0 |  3563
         Elf:1 |       0 |    7744 |   0.0 |       0 |      14 |   0.0 |   194
         Sewer |       0 |     164 |   0.0 |       0 |       7 |   0.0 |   242
        Bailey |       0 |    2017 |   0.0 |       0 |      27 |   0.0 |   848
         IceCv |       0 |    5793 |   0.0 |       0 |      27 |   0.0 |   780
               +---------+---------+-------+---------+---------+-------+---------
